 Dungeon Crawl Stone Soup version 0.14-a0-2621-g8340939 (webtiles) character file.

587 bac8434 the Sneak (level 7, -2/45 HPs)
             Began as a Halfling Assassin on Feb 15, 2014.
             Was a Follower of Okawaru.
             Slain by an iguana (7 damage)
             ... on Level 4 of the Dungeon.
             The game lasted 00:24:17 (2751 turns).

bac8434 the Sneak (Halfling Assassin)               Turns: 2751, Time: 00:24:17

HP  -2/45        AC  5     Str  9      XL: 7   Next: 17%
MP   7/7         EV 17     Int 11      God: Okawaru [*.....]
Gold 163         SH  0     Dex 19      Spells:  0 memorised,  6 levels left

rFire  . . .     SeeInvis .     a - +3 dagger
rCold  . . .     Clarity  .     c - +0 robe
rNeg   . . .     Conserve .     (no shield)
rPois  .         rCorr    .     (no helmet)
rElec  .         rRot     .     d - +0 cloak
SustAb . .       Spirit   .     (no gloves)
rMut   +         Warding  .     (no boots)
Saprov . . .     Stasis   .     m - amulet of resist mutation
MR     .....                    (no ring)
                                o - +2 ring of protection

@: mildly poisoned, not resistant to hostile enchantments, very stealthy
A: mutation resistance 1, slow metabolism 1
a: Heroism, Renounce Religion


You were on level 4 of the Dungeon.
You worshipped Okawaru.
Okawaru was aware of your devotion.
You were not hungry.

You visited 1 branch of the dungeon, and saw 4 of its levels.

You collected 163 gold pieces.

Inventory:

Hand weapons
 a - a +3,+3 dagger (weapon)
 b - a +2 blowgun
 i - a cursed -1,-2 trident
 k - a cursed +0,-2 sling
Missiles
 j - 5 darts (quivered)
 l - 13 stones
 s - 4 curare-tipped needles
Armour
 c - a +0 robe (worn)
 d - a +0 cloak (worn)
 f - a +1 orcish robe
Comestibles
 g - 2 bread rations
Jewellery
 m - an amulet of resist mutation (around neck)
 o - a +2 ring of protection (left hand)
Potions
 q - a potion of invisibility {unknown}
 t - a potion of restore abilities {unknown}
 u - a potion of magic {unknown}


   Skills:
 + Level 2.1 Fighting
 + Level 3.9 Short Blades
 + Level 5.7 Throwing
 + Level 3.7 Dodging
 + Level 7.9 Stealth


You had 6 spell levels left.
You didn't know any spells.

Dungeon Overview and Level Annotations

Branches:
Dungeon (4/16)
 Temple: D:4-7

Altars:
Kikubaaqudgha
Okawaru


Innate Abilities, Weirdness & Mutations

You are small and have problems with some larger weapons.
You are somewhat resistant to further mutation.
You have a slow metabolism.


Message History

The adder closely misses you. The adder barely misses you.
You closely miss the adder.
The adder is heavily wounded.
The adder bites you but does no damage.
You miss the adder.
The adder is heavily wounded.
* * * LOW HITPOINT WARNING * * *
You feel sick. The adder completely misses you.
You hit the adder.
You kill the adder!
Okawaru accepts your kill.
You hit the giant gecko.
The giant gecko is severely wounded.
You barely miss the iguana. You completely miss the iguana.
* * * LOW HITPOINT WARNING * * *
You feel sick. The iguana completely misses you.
You hit the iguana but do no damage. The iguana barely misses you.
You completely miss the iguana. The iguana bites you!
You die...

#.>.##.# #.# #...# #...##.#
#.# #.).# ##...##.########.#
#...# ...............#.#######
#...#
..........)).........w..##...#
##########.....#.######.
#...#### ##....#.# #......#
#.#..s#.######.##..###'#
#....ll@...........#....
#....w#.######.###.#.###
#.#...#.# # #.+.#.' ##.%(.#.#
#.#.### #.....#.# #.#....
##....#.# #.###'# #.#..(#.#
##.#..# #.....#.# #.#...
#..(..#.# #.#...


You could see a worm, an iguana, a scorpion and a giant gecko.

Vanquished Creatures
  An ogre (D:4)
  An orc priest (D:3)
  3 orc wizards (D:3)
  2 worker ants
  12 adders
  An inept feature mimic (D:4)
  A worm (D:4)
  9 orcs
  2 ball pythons (D:3)
  3 bats
  10 goblins
  4 jackals (D:3)
  7 kobolds
  4 quokkas
  5 giant cockroaches
  3 giant newts
  8 rats
76 creatures vanquished.

Notes
Turn   | Place    | Note
--------------------------------------------------------------
     0 | D:1      | bac8434, the Halfling Assassin, began the quest for the Orb.
     0 | D:1      | Reached XP level 1. HP: 14/14 MP: 1/1
    86 | D:1      | Found an iron altar of Okawaru.
    94 | D:1      | Became a worshipper of Warmaster Okawaru
   401 | D:1      | Reached XP level 2. HP: 16/19 MP: 2/2
   884 | D:2      | Reached skill level 6 in Stealth
   884 | D:2      | Reached XP level 3. HP: 18/24 MP: 3/3
  1050 | D:2      | Found an ancient bone altar of Kikubaaqudgha.
  1059 | D:2      | Reached XP level 4. HP: 29/29 MP: 4/4
  1406 | D:3      | Reached skill level 7 in Stealth
  1406 | D:3      | Reached XP level 5. HP: 32/34 MP: 5/5
  1893 | D:3      | Acquired Okawaru's first power
  1909 | D:3      | Reached XP level 6. HP: 17/39 MP: 6/6
  2347 | D:4      | Found a staircase to the Ecumenical Temple.
  2353 | D:4      | the staircase to the Ecumenical Temple was a mimic.
  2580 | D:4      | Reached skill level 5 in Throwing
  2580 | D:4      | Reached XP level 7. HP: 45/45 MP: 7/7
  2751 | D:4      | Slain by an iguana

Action                   |  1- 3 |  4- 6 |  7- 9 || total
-------------------------+-------+-------+-------++-------
Melee: Dagger            |    62 |   133 |    43 ||   238
 Fire: Blowgun           |     5 |    38 |     9 ||    52
Throw: Dart              |     7 |    24 |       ||    31
  Use: Scroll            |    11 |     6 |     3 ||    20
       Potion            |       |       |     1 ||     1
 Stab: Sleeping          |     4 |     8 |     1 ||    13
